Map: Winter's Gate LE

Players

Lambo

  • Race: Zerg Zerg
  • Spawn Location: 5:00

HeRoMaRinE - Winner!

  • Race: Terran Terran
  • Spawn Location: 11:00

VOD

Have the link to the VOD?

Description

Time

  • Played on: Sept. 6, 2019, 9:35 p.m.
  • Length: 11:40
Show
View Real Time Build Order
Export as new Build Order

Lambo Zerg 

Build Orders: Hatch First 

Get SALT Encoding   

  12  0:00  Drone  
  13  0:12  Overlord  
  13  0:16  Drone  
  14  0:31  Drone x2  
  16  0:48  Hatchery  
  15  0:50  Drone  
  15  0:54  Drone  
  17  1:01  Drone  
  18  1:07  Extractor  
  17  1:15  Spawning Pool  
  17  1:16  Drone  
  17  1:20  Drone  
  18  1:28  Drone  
  19  1:38  Drone  
  20  1:49  Overlord  
  20  2:01  Queen  
  20  2:02  Queen, Zergling x4  
  26  2:10  Drone  
  26  2:11  Drone  
  28  2:21  Drone  
  28  2:22  Drone  
  30  2:35  Drone  
  31  2:38  Pneumatized Carapace  
  31  2:42  Hatchery  
  30  2:47  Metabolic Boost  
  30  2:49  Drone  
  30  2:51  Drone  
  31  2:52  Overlord  
  31  2:56  Drone  
  31  2:57  Drone  
  33  3:05  Queen  
  35  3:14  Drone x3  
  35  3:15  Drone x2  
  40  3:20  Overlord  
  40  3:26  Queen  
  42  3:28  Drone  
  43  3:39  Overlord, Drone x2  
  43  3:40  Queen  
  47  3:44  Drone  
  47  3:47  Zergling x6  
  51  3:53  Zergling x2  
  52  3:55  Queen  
  52  3:56  Overlord  
  52  4:01  Drone x2  
  56  4:11  Zergling x2  
  56  4:12  Drone x4  
  56  4:15  Overlord  
  56  4:16  Drone  
  56  4:17  Drone  
  63  4:20  Overlord  
  63  4:21  Drone x2  
  63  4:23  Drone  
  66  4:26  Drone  
  66  4:28  Lair  
  67  4:32  Roach Warren  
  67  4:33  Drone  
  67  4:34  Drone  
  67  4:36  Drone  
  69  4:42  Drone x2  
  71  4:48  Drone  
  71  4:49  Queen  
  71  4:50  Extractor  
  71  4:51  Extractor  
  70  4:53  Zergling x2  
  70  4:58  Drone x4  
  69  5:01  Drone x2  
  69  5:02  Drone  
  69  5:05  Drone x4  
  71  5:10  Drone  
  71  5:11  Drone  
  71  5:13  Spore Crawler x2  
  71  5:14  Spore Crawler  
  71  5:15  Drone  
  71  5:20  Drone  
  72  5:32  Drone x5  
  72  5:33  Drone  
  72  5:34  Drone  
  72  5:35  Extractor, Drone x2  
  80  5:37  Evolution Chamber, Extractor  
  80  5:38  Extractor  
  80  5:39  Spire  
  80  5:42  Drone x4  
  79  5:50  Zergling x4  
  79  5:53  Zergling x2  
  79  5:55  Queen  
  79  6:06  Drone  
  79  6:07  Drone x3  
  79  6:09  Drone  
  79  6:10  Zerg Ground Armor Level 1, Glial Reconstitution  
  84  6:13  Drone x2  
  86  6:21  Queen, Hatchery  
  86  6:24  Drone x2  
  89  6:25  Overlord  
  89  6:28  Overlord  
  89  6:30  Overlord  
  88  6:39  Overlord x2  
  88  6:45  Roach x4  
  95  6:49  Roach x4  
  95  6:50  Roach  
  105  6:54  Drone  
  105  6:55  Overlord  
  106  7:11  Corruptor x6  
  106  7:13  Overlord  
  118  7:17  Corruptor  
  116  7:26  Corruptor  
  116  7:29  Zergling x16  
  124  7:32  Corruptor  
  126  7:39  Queen  
  126  7:42  Corruptor  
  128  7:44  Corruptor  
  128  7:46  Zergling x14  
  128  7:47  Zergling x6  
  136  7:57  Roach x3  
  142  8:00  Roach x2  
  142  8:02  Ravager  
  149  8:05  Roach  
  149  8:09  Overlord  
  149  8:11  Roach  
  149  8:12  Overlord  
  151  8:16  Overlord  
  151  8:17  Overlord  
  151  8:22  Overlord  
  151  8:23  Overlord  
  151  8:25  Overlord  
  151  8:28  Roach x4  
  151  8:31  Overlord  
  159  8:35  Roach x5  
  169  8:41  Roach x2  
  169  8:43  Ravager x4  
  177  8:50  Ravager x2  
  177  8:51  Ravager  
  177  8:52  Roach  
  177  8:54  Roach  
  181  8:57  Zergling x16  
  181  9:02  Zergling x6  
  176  9:10  Drone x3  
  176  9:11  Zerg Flyer Weapons Level 1  
  176  9:12  Queen  
  176  9:14  Infestation Pit, Drone  
  176  9:15  Evolution Chamber  
  174  9:18  Drone  
  174  9:22  Extractor x2  
  165  9:25  Zerg Missile Weapons Level 1  
  165  9:28  Ravager x2  
  165  9:30  Queen x2  
  167  9:33  Drone x5  
  167  9:34  Drone  
  167  9:36  Corruptor x2  
  177  9:39  Corruptor  
  177  9:45  Corruptor  
  181  9:51  Corruptor  
  183  9:53  Drone  
  183  9:54  Drone x2  
  183  9:55  Spore Crawler  
  183  9:56  Corruptor  
  187  10:03  Corruptor  
  187  10:06  Overlord  
  189  10:11  Corruptor  
  183  10:14  Corruptor  
  183  10:19  Queen x3  
  183  10:20  Queen  
  183  10:21  Corruptor  
  185  10:26  Corruptor x2  
  187  10:30  Corruptor  
  185  10:42  Corruptor x2  
  185  10:54  Corruptor x3  
  190  11:00  Zergling x18  
  199  11:05  Ravager x2  
  199  11:06  Ravager  
  199  11:08  Zergling x12  
  194  11:11  Zergling x10  
  194  11:15  Zergling x2  
  194  11:17  Zergling x2  
Show
View Real Time Build Order
Export as new Build Order

HeRoMaRinE Terran - Winner!

Build Orders: Hellion Opening, Reaper Expand, Mech 

Get SALT Encoding   

  12  0:00  SCV  
  13  0:12  SCV  
  14  0:17  Supply Depot  
  14  0:25  SCV  
  15  0:38  SCV  
  15  0:40  Barracks  
  16  0:43  Refinery  
  16  0:50  SCV  
  17  1:02  SCV  
  18  1:15  SCV  
  19  1:26  Reaper  
  19  1:27  Orbital Command  
  20  1:37  Command Center  
  20  1:46  Supply Depot  
  20  1:52  SCV  
  21  1:58  Marine  
  22  2:04  SCV  
  22  2:07  Factory  
  23  2:11  Refinery  
  23  2:16  SCV  
  23  2:22  Barracks Reactor  
  24  2:28  SCV  
  25  2:40  SCV  
  26  2:50  Orbital Command  
  26  2:52  SCV  
  26  2:53  Starport  
  27  3:02  Hellion  
  27  3:03  Hellion  
  27  3:05  SCV  
  32  3:16  SCV  
  32  3:17  SCV  
  34  3:23  Supply Depot  
  34  3:24  Hellion x2  
  38  3:28  SCV  
  38  3:29  SCV  
  40  3:35  Fusion Core  
  40  3:40  SCV  
  40  3:41  SCV  
  42  3:45  Hellion x2  
  46  3:49  Supply Depot  
  46  3:52  SCV  
  46  3:53  SCV  
  50  4:04  SCV  
  50  4:05  SCV  
  50  4:07  Command Center  
  50  4:10  Starport Tech Lab  
  50  4:16  SCV  
  51  4:17  SCV  
  52  4:29  Supply Depot, Battlecruiser  
  52  4:30  SCV x2  
  60  4:36  Refinery x2  
  60  4:37  Hellion  
  62  4:51  SCV x2, Hellion  
  64  5:03  SCV x2, Hellion  
  60  5:12  Hellion  
  59  5:15  SCV x2, Factory  
  59  5:17  Factory  
  61  5:24  Hellion  
  61  5:27  SCV x2, Refinery  
  65  5:32  Supply Depot, Refinery  
  65  5:33  Battlecruiser  
  65  5:34  Hellion  
  73  5:39  SCV x2  
  75  5:46  SCV  
  75  5:47  Hellion  
  78  5:51  SCV  
  78  5:55  SCV, Hellion  
  82  5:59  Orbital Command  
  82  6:01  Factory Tech Lab x2  
  82  6:02  Weapon Refit  
  82  6:03  SCV  
  83  6:07  SCV  
  83  6:09  Supply Depot, Hellion  
  86  6:15  SCV  
  86  6:16  Hellion  
  89  6:19  SCV  
  89  6:21  Cyclone  
  89  6:22  Mag-Field Accelerator  
  93  6:31  Cyclone, SCV x3  
  93  6:32  Supply Depot  
  99  6:43  SCV x2, Supply Depot, Battlecruiser  
  99  6:44  SCV  
  108  6:55  Siege Tank, SCV x2  
  108  6:56  SCV  
  108  7:00  Factory  
  114  7:03  Siege Tank, Factory  
  114  7:07  SCV x2  
  114  7:08  SCV  
  120  7:10  Armory x2  
  120  7:16  Supply Depot x2  
  120  7:19  SCV x2  
  120  7:25  Engineering Bay  
  120  7:27  Hellion x2  
  124  7:35  Supply Depot  
  124  7:37  Siege Tank x2  
  124  7:39  SCV x3  
  133  7:53  Missile Turret  
  133  7:54  Missile Turret x2  
  133  7:58  Factory Tech Lab, Command Center, Factory Reactor  
  133  8:03  Terran Vehicle And Ship Armor Level 1, Terran Vehicle Weapons Level 1  
  133  8:05  SCV  
  134  8:11  Siege Tank x2  
  140  8:17  Missile Turret  
  140  8:20  Cyclone  
  140  8:25  Missile Turret  
  143  8:33  Infernal Pre-Igniter, Hellion x2  
  141  8:35  Hellion x2  
  141  8:43  Cyclone x2  
  141  8:46  Supply Depot x2  
  147  8:52  Cyclone  
  150  9:04  Missile Turret  
  150  9:10  Factory  
  150  9:12  Factory x2  
  150  9:13  SCV  
  150  9:14  SCV  
  150  9:15  Cyclone, SCV  
  156  9:19  Cyclone  
  156  9:21  Hellion x6  
  159  9:24  Cyclone  
  159  9:25  SCV  
  159  9:26  SCV  
  159  9:27  SCV  
  165  9:32  Refinery  
  165  9:33  Hellion x2  
  165  9:34  Missile Turret  
  165  9:38  SCV, Planetary Fortress  
  170  9:47  Cyclone  
  170  9:48  Refinery  
  170  9:51  Command Center, Sensor Tower  
  173  9:59  Cyclone x2  
  177  10:12  Factory Reactor  
  177  10:13  Factory Tech Lab  
  173  10:19  Cyclone  
  173  10:20  Hellion  
  173  10:21  Hellion  
  180  10:27  Factory Tech Lab  
  180  10:31  Cyclone x2  
  186  10:42  Cyclone  
  183  10:48  Hellion x2  
  183  10:49  Hellion x2  
  195  10:50  Hellion x2  
  195  10:52  Supply Depot  
  195  11:02  Cyclone  
  195  11:03  Cyclone  
Tags
 
Add a new tag
Caveats
  • Supply blocks, unpowered buildings, or Contaminate may cause inaccurate times.
  • Supply counts are checked every 10 seconds.